 Dungeon Crawl Stone Soup version 0.30-a0-629-gd54f4be4f7 (webtiles) character file.

Game seed: 11980104933987148320

4592 pokeman the Thaumaturge (level 10, 0/56 HPs)
             Began as a Deep Elf Hedge Wizard on Jan 12, 2023.
             Was a Follower of Vehumet.
             Slain by a cyan ugly thing (8 damage)
             ... on level 8 of the Dungeon.
             The game lasted 00:19:14 (8944 turns).

pokeman the Thaumaturge (Deep Elf Hedge Wizard)     Turns: 8944, Time: 00:19:15

Health: 0/56       AC:  8    Str:  7    XL:     10   Next: 18%
Magic:  14/28      EV: 13    Int: 24    God:    Vehumet [*.....]
Gold:   491        SH:  0    Dex: 20    Spells: 26/34 levels left

rFire   . . .      SeeInvis .    c - +1 short sword (venom)
rCold   + . .      Faith    .    (no shield)
rNeg    . . .      Spirit   .    y - +3 leather armour {rPois}
rPois   +          Reflect  .    C - +0 helmet
rElec   .          Harm     .    (no cloak)
rCorr   .          Rampage  .    (no gloves)
Will    +....                    h - +0 pair of boots
Stlth   ++                       (no amulet)
HPRegen 0.29/turn                w - +6 ring of dexterity
MPRegen 0.21/turn                F - ring of protection from cold

@: very slightly contaminated
A: no striking features
a: Renounce Religion


You were on level 8 of the Dungeon.
You worshipped Vehumet.
Vehumet was aware of your devotion.
You visited 2 branches of the dungeon, and saw 9 of its levels.

You collected 491 gold pieces.

Inventory:

Hand Weapons
 c - a +1 short sword of venom (weapon)
 g - a +1 whip of electrocution
Missiles
 q - a throwing net
Armour
 h - a +0 pair of boots (worn)
 y - a +3 leather armour of poison resistance (worn)
 C - a +0 helmet (worn)
Magical Staves
 o - a staff of air
Jewellery
 w - a +6 ring of dexterity (left hand)
 F - a ring of protection from cold (right hand)
Wands
 v - a wand of iceblast (17)
Scrolls
 a - 3 scrolls of blinking {unknown}
 b - 2 scrolls of immolation {unknown}
 i - 6 scrolls of teleportation {unknown}
 k - 9 scrolls of identify {unknown}
 m - a scroll of acquirement {unknown}
 p - a scroll of fear {unknown}
 r - 2 scrolls of fog {unknown}
 s - 2 scrolls of magic mapping {unknown}
 u - a scroll of summoning {unknown}
 x - a scroll of enchant weapon {unknown}
 A - 3 scrolls of noise {unknown}
 D - 2 scrolls of vulnerability {unknown}
 E - a scroll of amnesia {unknown}
 G - a scroll of enchant armour {unknown}
Potions
 d - a potion of magic
 e - 4 potions of flight {unknown}
 f - 3 potions of degeneration {unknown}
 j - 3 potions of might {unknown}
 l - 5 potions of curing {unknown}
 n - a potion of berserk rage {unknown}
 t - 2 potions of lignification {unknown}
 z - a potion of resistance
 B - a potion of mutation {unknown}


   Skills:
 - Level 4.0 Fighting
 + Level 3.2 Armour
 - Level 3.0 Dodging
 - Level 3.1 Stealth
 * Level 12.8 Spellcasting
 + Level 7.3 Conjurations
 + Level 6.6 Summonings
 - Level 2.0 Translocations
 - Level 1.1 Air Magic
 - Level 1.2 Poison Magic
 - Level 1.0 Evocations


You had 26 spell levels left.
You knew the following spells:

 Your Spells              Type           Power      Damage    Failure   Level
a - Magic Dart            Conj           100%       1d8       1%          1
b - Mephitic Cloud        Conj/Pois/Air  30%        N/A       4%          3
c - Call Imp              Summ           47%        N/A       1%          2
d - Blink                 Tloc           48%        N/A       3%          2

Your spell library contained the following spells:

 Spells                   Type           Power      Damage    Failure   Level
 Sandblast                Erth           30%        2d9       6%          1
 Beastly Appendage        Tmut           30%        N/A       6%          1
 Slow                     Hex            60%        N/A       6%          1
 Cigotuvi's Dreadful Rot  Necr/Pois/Air  38%        N/A       6%          2
 Wereblood                Tmut           15%        N/A       9%          2
 Spider Form              Tmut/Pois      18%        N/A       14%         3


Dungeon Overview and Level Annotations

Branches:
Dungeon (7/15)             Temple (1/1) D:6

Altars:
Cheibriados
Fedhas
Hepliaklqana
Kikubaaqudgha
Nemelex Xobeh
Sif Muna
Uskayaw
Vehumet
Wu Jian
Xom
Yredelemnul
The Shining One


Message History

The cyan ugly thing is engulfed in noxious fumes.
Items here: )) [[.
Casting: Mephitic Cloud (dangerous; 4% risk of failure)
Confirm with . or Enter, or press ? or * to list all spells.
You blink.
Casting: Blink (safe; 3% risk of failure)
Confirm with . or Enter, or press ? or * to list all spells.
Okay, then.
Casting: Blink (safe; 3% risk of failure)
Confirm with . or Enter, or press ? or * to list all spells.
Aiming: Mephitic Cloud (dangerous; 4% risk of failure)
Press: ? - help, Shift-Dir - straight line You miscast Mephitic Cloud.
You are very lightly contaminated with residual magic.
Nothing appears to happen.
Casting: Mephitic Cloud (dangerous; 4% risk of failure)
Confirm with . or Enter, or press ? or * to list all spells.
Aiming: Mephitic Cloud (dangerous; 4% risk of failure)
Press: ? - help, Shift-Dir - straight line, f - cyan ugly thing
Aim: a cyan ugly thing (heavily wounded, extremely poisoned, chance to affect: 43%)
The ball explodes into a vile cloud!
The stinking cloud engulfs the cyan ugly thing but does no damage.
The cyan ugly thing is heavily wounded.
The cyan ugly thing is engulfed in noxious fumes.
You hit the cyan ugly thing.
The cyan ugly thing looks as sick as possible!
The cyan ugly thing is heavily wounded.
You feel stable enough to blink again.
The cyan ugly thing is engulfed in noxious fumes.
The cyan ugly thing barely misses you.
You hit the cyan ugly thing.
The cyan ugly thing looks as sick as possible!
The cyan ugly thing is heavily wounded.
The cyan ugly thing is engulfed in noxious fumes.
The cyan ugly thing appears confused.
You hit the cyan ugly thing.
The cyan ugly thing is heavily wounded.
The cyan ugly thing is engulfed in noxious fumes.
The cyan ugly thing appears confused.
The cyan ugly thing headbutts you!
You die...

.....#
..$..{###
#.....# #.#
##.# #..#
###)##
#.)○#######
#)@u°)))).#
#)#######.#
#).# #.#
##.# #.# .#
#.# o. #.#


oo. #.# ... ..# ...# .## You could see a cyan ugly thing (confused, extremely
poisoned).

Vanquished Creatures
  A tengu warrior (D:8)
  An ugly thing (D:8)
  Maggie (D:7)
  Eustachio (D:5)
  Menkaure (D:4)
  2 steam dragons (Temple)
  A water moccasin (D:5)
  5 orc warriors (D:8)
  An ice beast (Temple)
  A black bear (D:5)
  2 ogres
  A centaur (D:5)
  3 bullfrogs (D:7)
  A necrophage (D:6)
  3 wights (D:5)
  An electric eel (D:7)
  A crimson imp (D:4)
  7 hounds
  5 orc priests
  4 jellies
  Jessica (D:2)
  7 orc wizards
  2 iguanas
  10 adders
  3 gnolls (D:7)
  2 shadow imps
  2 white imps
  A worm (D:3)
  2 dart slugs
  30 orcs
  3 ball pythons
  3 endoplasms
  3 giant cockroaches
  3 goblins
  9 hobgoblins
  7 kobolds
  3 quokkas
  6 bats
  3 frilled lizards
  8 rats
151 creatures vanquished.

Vanquished Creatures (collateral kills)
  A water moccasin (D:6)
  A black bear (D:4)
  An orc warrior (D:6)
  A sky beast (D:7)
  An iguana (D:4)
  An orc (D:8)
6 creatures vanquished.

Vanquished Creatures (others)
  An adder (D:6)
  12 plants (D:7)
13 creatures vanquished.

Grand Total: 170 creatures vanquished

Notes
Turn   | Place    | Note
-------+----------+-------------------------------------------
     0 | D:1      | pokeman the Deep Elf Hedge Wizard began the quest for the
                  | Orb.
     0 | D:1      | Reached XP level 1. HP: 10/10 MP: 7/7
    81 | D:1      | Reached XP level 2. HP: 10/15 MP: 1/9
   918 | D:2      | Reached XP level 3. HP: 19/19 MP: 3/11
   922 | D:2      | Learned a level 3 spell: Mephitic Cloud
   925 | D:2      | Learned a level 2 spell: Call Imp
   928 | D:2      | Learned a level 2 spell: Blink
   995 | D:2      | Found an ancient bone altar of Kikubaaqudgha.
  1309 | D:2      | Noticed Jessica
  1318 | D:2      | Killed Jessica
  1319 | D:2      | Reached XP level 4. HP: 17/24 MP: 8/12
  1343 | D:2      | Reached skill level 5 in Spellcasting
  2093 | D:3      | Found a sparkling altar of Nemelex Xobeh.
  2724 | D:4      | Noticed a black bear
  2747 | D:4      | Killed a black bear
  2748 | D:4      | Reached skill level 1 in Fighting
  2748 | D:4      | Reached skill level 1 in Armour
  2748 | D:4      | Reached skill level 6 in Spellcasting
  2748 | D:4      | Reached XP level 5. HP: 28/29 MP: 1/15
  2870 | D:4      | Noticed Menkaure
  2886 | D:4      | Killed Menkaure
  2887 | D:4      | Reached skill level 1 in Air Magic
  2887 | D:4      | Reached skill level 1 in Poison Magic
  2887 | D:4      | Reached XP level 6. HP: 9/34 MP: 1/17
  3170 | D:4      | Reached skill level 7 in Spellcasting
  3295 | D:4      | Reached skill level 1 in Evocations
  3360 | D:4      | Reached XP level 7. HP: 31/38 MP: 13/19
  3833 | D:4      | Found a hide-covered altar of Uskayaw.
  3852 | D:4      | Identified the +1 leather armour "Teth" {+Blink Will+++
                  | Stlth-}
  4446 | D:4      | Found a blossoming altar of Fedhas.
  4580 | D:5      | Entered Level 5 of the Dungeon
  4726 | D:5      | Found an ornate altar of the Wu Jian Council.
  4729 | D:5      | Found a hazy altar of Hepliaklqana.
  5054 | D:5      | Reached skill level 8 in Spellcasting
  5345 | D:5      | Noticed Eustachio
  5470 | D:5      | Killed Eustachio
  5471 | D:5      | Reached XP level 8. HP: 30/44 MP: 17/22
  5652 | D:5      | Reached skill level 9 in Spellcasting
  6217 | D:6      | Reached skill level 5 in Conjurations
  6368 | D:6      | Found a staircase to the Ecumenical Temple.
  6386 | Temple   | Entered the Ecumenical Temple
  6407 | Temple   | Became a worshipper of Vehumet
  6558 | Temple   | Reached skill level 10 in Spellcasting
  6943 | D:6      | Reached XP level 9. HP: 47/48 MP: 20/25
  7028 | D:6      | Identified the -2 cloak of Gumaun {-Cast Rampage Will+
                  | SInv}
  7265 | D:6      | Reached skill level 5 in Summonings
  7832 | D:7      | Reached skill level 11 in Spellcasting
  7885 | D:7      | Reached * piety under Vehumet
  7885 | D:7      | Offered knowledge of Sandblast by Vehumet.
  8408 | D:7      | Noticed Maggie
  8419 | D:7      | Killed Maggie
  8507 | D:7      | You fall into a shaft and drop 1 floor!
  8517 | D:8      | Noticed a tengu warrior
  8533 | D:8      | Killed a tengu warrior
  8534 | D:8      | Reached skill level 12 in Spellcasting
  8693 | D:8      | Reached XP level 10. HP: 46/56 MP: 25/28
  8836 | D:8      | Noticed a cyan ugly thing
  8838 | D:8      | Noticed a brown ugly thing
  8854 | D:8      | Killed a brown ugly thing
  8944 | D:8      | Slain by a cyan ugly thing

Illustrated notes

Levels and vault maps discovered:
D:1:      dpeg_arrival_windows_large_door, layout_rooms, serial_curves,
          eino_curves_02, eino_curves_03
D:2:      layout_rooms, basic_altar, uniq_jessica
D:3:      layout_basic, nemelex_diamond_rough_becter
D:4:      layout_layer_cave, nicolae_uskayaw_suspiria, fedhas_altar_4,
          kennysheep_cluttered_room, minmay_fire_ice_demons, uniq_menkaure
D:5:      layout_basic, mainiacjoe_overflow_catwalk_spiral, uniq_eustachio
D:6:      layout_rooms, temple_pool_b
D:7:      layout_basic, nicolae_elyvilon_temple_path,
          nicolae_elevator_lobby_plus, uniq_maggie
D:8:      minmay_bloctagon_deflated, layout_loops_cross, lightli_temple_of_fire,
          special_room [special_room_orc], minmay_misc_feat_tiny,
          uniq_prince_ribbit1, uniq_maurice, uniq_grum
Temple:   eino_wide_crystal_templ

Skill      XL: |  1  2  3  4  5  6  7  8  9 10 |
---------------+-------------------------------+-----
Stealth        | 3 |  3.1
Dodging        | 3 |  3.0
Translocations | 2 |  2.0
Spellcasting   | 6 7 8 10 12 | 12.8
Conjurations   | 2 3 4 5 7 |  7.3
Summonings     | 2 3 4 6 |  6.6
Fighting       | 1 2 3 4 |  4.0
Armour         | 1 2 3 |  3.2
Air Magic      | 1 |  1.1
Poison Magic   | 1 |  1.2
Evocations     | 1 |  1.0

Action                   |  1- 3 |  4- 6 |  7- 9 | 10-12 || total
-------------------------+-------+-------+-------+-------++-------
Melee: Whip              |    10 |     5 |   134 |       ||   149
       Short sword       |       |       |    51 |    33 ||    84
       Punch             |       |       |     1 |     2 ||     3
 Cast: Magic Dart        |    73 |   110 |   195 |    16 ||   394
       Mephitic Cloud    |     1 |     1 |    25 |    11 ||    38
       Call Imp          |       |     2 |    19 |     2 ||    23
       Blink             |       |     1 |     4 |     1 ||     6
Evoke: Wand              |       |       |     2 |       ||     2
 Stab: Confused          |       |       |    20 |     1 ||    21
       Sleeping          |       |       |     1 |       ||     1
Armor: Robe              |       |     2 |     1 |       ||     3
       Leather armour    |       |       |    62 |    10 ||    72
Dodge: Dodged            |     8 |    19 |   149 |    18 ||   194

Table legend: (Time is in decaauts)
 A = Elapsed time spent in this place.
 B = Non-inter-level travel time spent in this place.
 C = Inter-level travel time spent in this place.
 D = Time resting spent in this place.
 E = Time spent auto-exploring this place.
 F = Levels seen in this place.
 G = Mean time per level.
                   A        B        C        D        E       F      G
               +--------+--------+--------+--------+--------+-----+--------+
         Total |   8962 |   8774 |    188 |    623 |   6823 |   9 |  995.8 |
       Dungeon |   8547 |   8370 |    177 |    274 |   6815 |   8 | 1068.4 |
        Temple |    414 |    403 |     11 |    349 |      8 |   1 |  414.0 |
               +--------+--------+--------+--------+--------+-----+--------+

Top non-repeatable levels by time:
     D:4: 1881 daAuts
     D:5: 1632 daAuts
     D:7: 997 daAuts
     D:3: 963 daAuts
     D:1: 906 daAuts
     D:6: 900 daAuts
     D:2: 828 daAuts
     D:8: 436 daAuts
  Temple: 414 daAuts
